 Dungeon Crawl Stone Soup version 0.13.0-19-g8e0b589 (webtiles) character file.

168304 M4edhros the Covert (level 17, -11/107 HPs)
             Began as an Octopode Artificer on Oct 22, 2013.
             Was the Champion of Cheibriados.
             Mangled by a snapping turtle (20 damage)
             ... on Level 5 of the Shoals on Oct 25, 2013.
             The game lasted 03:32:18 (44650 turns).

M4edhros the Covert (Octopode Artificer)           Turns: 44650, Time: 03:32:18

HP -11/107       AC  3     Str 23      XL: 17   Next: 60%
MP   0/34        EV 14     Int 39      God: Cheibriados [******]
Gold 1696        SH 15     Dex 32      Spells: 10 memorised,  1 level left

Res.Fire  : + . .   See Invis. : .   w - +9 rod of striking (15/15)
Res.Cold  : + . .   Warding    : .   g - -3 buckler of Satisfaction {rElec rF+ Int+2 Acc+4 Dam+5}
Life Prot.: . . .   Conserve   : .   S - +2 wizard hat
Res.Poison: .       Res.Corr.  : .   o - amulet of guardian spirit
Res.Elec. : +       Clarity    : .   e - ring of sustenance
Sust.Abil.: . .     Spirit.Shd : +   n - +3 ring of intelligence
Res.Mut.  : .       Stasis     : .   R - ring of ice
Res.Rott. : .       Flight     : .   A - ring of protection from fire
Saprovore : . . .                    z - cursed ring of regeneration
                                     y - ring of Virat {Hunger Str-3 Dex+3 Dam+5}
                                     M - ring of sustenance
                                     c - ring of invisibility

@: regenerating, studying Long Blades, very slow, quite resistant to hostile
enchantments, incredibly stealthy
A: almost no armour, amphibious, 8 rings, constrict 8, camouflage 1, magic
resistance 1, mutation resistance 1, spit poison 1, AC +1
a: Spit Poison, Bend Time, Temporal Distortion, Slouch, Step From Time, Renounce
Religion, Evoke Invisibility
}: 1/15 runes: barnacled


You were on level 5 of the Shoals.
You worshipped Cheibriados.
Cheibriados was exalted by your worship.
You were not hungry.

You visited 5 branches of the dungeon, and saw 38 of its levels.
You also visited: Labyrinth.

You collected 3174 gold pieces.
You spent 1498 gold pieces at shops.

Inventory:

Hand weapons
 i - a +4,+4 trident of venom
 C - a +4,+1 trident of protection
Armour
 g - the -3 buckler of Satisfaction (worn) {rElec rF+ Int+2 Acc+4 Dam+5}
   (You acquired it on level 6 of the Lair of Beasts)

   It affects your intelligence (+2).
   It affects your accuracy (+4).
   It affects your damage-dealing abilities (+5).
   It protects you from fire.
   It insulates you from electricity.
 S - a +2 wizard hat (worn)
Magical devices
 a - a wand of lightning (3)
 l - a wand of polymorph (19)
 I - a wand of digging (6)
 K - a wand of teleportation (3)
 Q - a wand of digging (13)
 T - a wand of disintegration (3)
Comestibles
 b - 4 royal jellies
 f - 9 bread rations
 q - an apple
 E - an orange
Scrolls
 p - 5 scrolls of identify
 x - a scroll of brand weapon
 B - a scroll of acquirement
 G - 4 scrolls of remove curse
 H - a scroll of amnesia
 J - 2 scrolls of enchant weapon III
Jewellery
 c - a ring of invisibility (on tentacle)
 e - a ring of sustenance (left tentacle)
 h - a cursed ring of teleportation
 n - a +3 ring of intelligence (right tentacle)
 o - an amulet of guardian spirit (around mantle)
 u - an uncursed ring of magical power
 y - the ring of Virat (on tentacle) {Hunger Str-3 Dex+3 Dam+5}
   (You bought it in a shop on level 6 of the Dungeon)

   [ring of hunger]

   It affects your strength (-3).
   It affects your dexterity (+3).
   It affects your damage-dealing abilities (+5).
 z - a cursed ring of regeneration (on tentacle)
 A - a ring of protection from fire (on tentacle)
 L - an uncursed ring of protection from fire
 M - a ring of sustenance (on tentacle)
 N - an uncursed ring of wizardry
 O - an uncursed amulet of resist corrosion
 P - an uncursed amulet of resist mutation
 R - a ring of ice (on tentacle)
Potions
 k - 2 potions of curing
 m - 2 potions of heal wounds
 r - 2 potions of brilliance
 s - a potion of agility
 D - a potion of restore abilities
Books
 t - a book of Fire

   Spells                             Type                      Level
   Fire Brand                         Charms/Fire                  2
   Ignite Poison                      Fire/Transmutation           5
   Fireball                           Conjuration/Fire             5
   Bolt of Fire                       Conjuration/Fire             6
   Delayed Fireball                   Conjuration/Fire             7
   Ring of Flames                     Charms/Fire                  7
 v - a book of Frost

   Spells                             Type                      Level
   Freeze                             Ice                          1
   Throw Frost                        Conjuration/Ice              2
   Ozocubu's Armour                   Charms/Ice                   3
   Throw Icicle                       Conjuration/Ice              4
   Summon Ice Beast                   Ice/Summoning                4
   Condensation Shield                Ice                          4
 F - a manual of Long Blades
Magical staves
 j - an uncursed staff of conjuration
Miscellaneous
 d - a stone of tremors
Rods
 w - a +9 rod of striking (15/15) (weapon)
   (You found it on level 4 of the Lair of Beasts)


   Skills:
 - Level 7.4 Fighting
   Level 1.0 Short Blades
 - Level 10.0 Maces & Flails
 - Level 8.8 Polearms
 - Level 2.0 Dodging
 - Level 13.9 Stealth
 - Level 9.1 Shields
 - Level 10.9 Spellcasting
 - Level 6.7 Conjurations
 - Level 6.0 Transmutations
 - Level 6.1 Ice Magic
 * Level 6.0 Air Magic
 - Level 11.0 Earth Magic
 - Level 6.9 Poison Magic
 - Level 6.9 Invocations
 - Level 11.0 Evocations


You had one spell level left.
You knew the following spells:

 Your Spells              Type           Power        Failure   Level  Hunger
a - Stoneskin             Trmt/Erth      ######....   1%          2    None
b - Stone Arrow           Conj/Erth      ######       1%          3    None
c - Regeneration          Chrm/Necr      ###.......   6%          3    None
d - Shroud of Golubria    Chrm/Tloc      ###.......   2%          2    None
e - Lee's Rapid Deconstr  Erth           #######...   1%          5    None
f - Leda's Liquefaction   Hex/Erth       ######....   1%          4    None
g - Freezing Cloud        Conj/Ice/Air   #######...   21%         6    ####...
h - Repel Missiles        Chrm/Air       #####.....   1%          2    None
i - Statue Form           Trmt/Erth      ######....   10%         6    ####...
j - Mephitic Cloud        Conj/Pois/Air  ######..     1%          3    None


Dungeon Overview and Level Annotations

Branches:
Dungeon (20/27)            Temple (1/1) D:4             Orc (4/4) D:6
    Elf (0/3) Orc:3          Lair (8/8) D:9          Shoals (5/5) Lair:6
 Spider (0/5) Lair:3        Slime (0/6) Lair:8
 Vaults: D:15-20

Altars:
Ashenzari
Cheibriados
Elyvilon
Fedhas
Kikubaaqudgha
Makhleb
Nemelex Xobeh
Okawaru
Sif Muna
Trog
Vehumet
Xom
Yredelemnul
Zin
the Shining One
Beogh

Shops:
D:4 *   D:6 =   D:10 /   Orc:2 }%(?+   Orc:4 *[*(=

Annotations:
D:8 exclusion: hydra
D:9 exclusion: troll
D:10 Grum
D:19 Mara
D:20 Margery, Mennas
Lair:4 Maud


Innate Abilities, Weirdness & Mutations

You cannot wear most types of armour.
You are amphibious.
You can wear up to eight rings at the same time.*
You can use your tentacles to constrict many enemies at once.*
Your skin changes colour to match your surroundings (Stlth).*
Your rubbery body absorbs attacks (AC +1).*
You are resistant to hostile enchantments.
You are somewhat resistant to further mutation.
You can spit poison.


Message History

You see here a snapping turtle corpse.
Casting: Mephitic Cloud
Confirm with . or Enter, or press ? or * to list all spells.
Your stone body feels more resilient.
The snapping turtle barely misses you.
The snapping turtle bites you but does no damage.
Unknown command.
Casting: Stoneskin
Confirm with . or Enter, or press ? or * to list all spells.
Your skin crawls.
The snapping turtle bites you but does no damage.
Unknown command.
You enter the shallow water.
Moving in this stuff is going to be slow.
You revert to your normal fleshy form.
Your skin feels tender.
Your rod of striking has recharged.
The snapping turtle bites you!
* * * LOW HITPOINT WARNING * * *
The snapping turtle barely misses you. The snapping turtle bites you!
* * * LOW HITPOINT WARNING * * *
The snapping turtle bites you!
You die...

#≈≈≈≈≈≈≈≈≈≈≈≈≈≈ ...≈
#≈≈≈≈≈≈≈≈≈≈≈≈≈≈≈ #..
#≈≈≈≈≈≈≈≈≈≈≈≈≈≈ #.
#≈≈≈≈≈≈≈≈≈≈.## .
#≈≈≈≈≈≈≈≈≈≈≈.# .
#≈≈≈≈≈≈≈≈≈≈..# ≈
#≈≈≈≈≈≈≈≈≈≈..## ≈≈≈
#≈≈≈≈≈≈≈≈≈....##.≈≈P≈≈
#≈≈≈≈≈≈≈≈.P%@t).PPP≈≈≈
#≈≈≈≈≈≈≈≈P..P%PP.≈P≈≈≈
≈≈≈≈≈≈≈≈≈≈≈≈≈≈≈.P≈≈≈
≈≈≈≈≈≈P≈≈PPP≈≈P≈≈≈≈
≈≈≈≈≈≈≈≈PP≈P≈P≈≈≈≈
≈≈≈≈≈≈≈≈.....≈≈
≈≈≈≈≈≈≈≈..#.≈
≈≈≈≈≈?≈≈≈.. ≈≈≈≈≈


You could see a snapping turtle.

Vanquished Creatures
  A storm dragon (D:12)
  A kraken (Shoals:5)
  Roxanne (D:15)
  Ilsuiw (Shoals:5)
  An orc warlord (Orc:4)
  Gastronok (D:11)
  A stone giant (D:12)
  A merfolk javelineer (Shoals:5)
  7 merfolk impalers (Shoals:5)
  3 dragons
  A minotaur (Lab)
  2 merfolk aquamancers (Shoals:5)
  Fannar (Orc:4)
  A great orb of eyes (D:20)
  A yaktaur captain (D:20)
  The ghost of Yumemi the Cleaver, a powerful HOFi of Okawaru (D:10)
  Harold (Orc:2)
  7 hydras
  3 ogre magi
  Nessos (D:11)
  Erica (D:10)
  6 death yaks
  4 orc high priests (Orc:4)
  6 centaur warriors
  Urug (D:12)
  2 catoblepae
  Nergalle (Orc:4)
  Erolcha (Orc:2)
  A draconian (D:8)
  3 unseen horrors
  7 sea snakes
  2 giant amoebae
  10 oklob plants (Lair:4)
  15 hill giants
  A flayed ghost (D:18)
  8 harpies
  Joseph (Orc:2)
  5 orc sorcerers
  3 orc knights (Orc:4)
  4 cyclopes
  6 griffons
  A wolf spider (D:16)
  A stone golem (D:17)
  10 elephants
  7 black mambas
  10 spiny frogs
  A smoke demon (Orc:4)
  Psyche (D:11)
  An item mimic (Lair:4)
  5 yaktaurs (D:16)
  2 fire drakes
  A feature mimic (D:11)
  A yaktaur (shapeshifter) (D:20)
  8 spriggans (Lair:8)
  11 mermaids
  5 two-headed ogres
  A red devil (Orc:4)
  6 trolls
  A polar bear (Shoals:5)
  2 giant fireflies (Lair:8)
  A hydra zombie (D:13)
  6 komodo dragons
  An orb spider (Lair:3)
  A polar bear (shapeshifter) (D:18)
  A harpy zombie (D:18)
  A blue devil (Orc:4)
  18 slime creatures
  A hydra skeleton (D:15)
  4 grizzly bears (Lair:8)
  A wandering mushroom (Lair:7)
  12 snapping turtles
  A basilisk (D:12)
  9 blink frogs
  16 ugly things
  46 yaks
  A griffon skeleton (D:13)
  2 trapdoor spiders
  An ice dragon skeleton (D:20)
  A dragon skeleton (D:13)
  A shadow (D:16)
  3 wraiths
  Eustachio (D:6)
  A hill giant zombie (D:11)
  3 elephant slugs
  A toenail golem (D:20)
  A vampire (D:18)
  5 hungry ghosts
  13 sharks
  4 wyverns
  22 merfolk
  5 hill giant skeletons
  A hog (shapeshifter) (D:15)
  A rock worm (D:18)
  9 vampire mosquitoes
  29 wolves
  26 hippogriffs
  2 soldier ants
  11 porcupines
  A naga (D:8)
  2 necrophages
  7 manticores
  A freezing wraith (D:18)
  4 yellow wasps
  3 mottled dragons
  4 giant goldfish
  4 black bears
  33 orc warriors
  9 sky beasts
  8 ice beasts
  3 boring beetles
  14 ogres
  4 phantoms
  14 crocodiles
  22 centaurs
  3 big kobolds
  7 giant slugs
  10 water moccasins
  2 giant slug zombies
  9 agate snails
  26 giant frogs
  2 gnoll sergeants (D:10)
  A cyclops zombie (D:12)
  A cyclops skeleton (D:14)
  A rock worm zombie (D:15)
  A wyvern skeleton (D:8)
  A manticore zombie (D:8)
  2 troll zombies
  3 jellyfish
  A yak zombie (D:7)
  18 killer bees
  3 troll skeletons
  A hippogriff skeleton (D:8)
  An eye of draining (D:12)
  11 crimson imps
  6 electric eels
  6 goliath beetles
  Dowan (D:5)
  21 hounds
  11 wights
  8 big fish
  4 quasits
  2 jellies
  2 gnoll shamans (D:10)
  37 orc priests
  7 scorpions
  37 orc wizards
  A water moccasin skeleton (D:11)
  7 iguanas
  A spectral orc (Orc:4)
  A two-headed ogre skeleton (D:12)
  11 worker ants
  32 sheep
  2 big kobold zombies
  Ijyb (D:5)
  6 ogre zombies
  A mottled dragon skeleton (D:14)
  7 boggarts (D:18)
  3 mummies
  A worker ant zombie (D:11)
  27 gnolls
  62 green rats
  26 adders
  10 giant centipedes
  A human (D:8)
  3 giant mites
  A goliath beetle zombie (D:9)
  8 worms
  3 giant eyeballs
  8 giant geckos
  An ooze (D:3)
  191 orcs
  34 bats
  2 bat skeletons (D:4)
  A bat zombie (D:7)
  5 giant cockroaches
  32 goblins
  23 hobgoblins
  17 jackals
  12 quokkas
  4 ball pythons
  4 giant newts
  3 giant spores
  2 goblin skeletons (D:11)
  2 goblin zombies (D:11)
  A hobgoblin skeleton (D:11)
  3 hobgoblin zombies (D:11)
  29 kobolds
  A kobold zombie (D:6)
  4 orc skeletons
  14 orc zombies
  18 rats
  2 rat skeletons
  8 ballistomycetes
  3 fungi (Lair:7)
  36 plants
  2 tentacles (Shoals:5)
1519 creatures vanquished.

Vanquished Creatures (collateral kills)
  A merfolk (Shoals:5)
  Menkaure (D:6)
  A gnoll (D:4)
  A giant gecko (D:4)
  5 orcs (D:4)
  A bat (D:6)
10 creatures vanquished.

Vanquished Creatures (others)
  A hill giant (D:12)
  A hound (D:12)
  A quokka (D:6)
  11 fungi
  19 plants
  2 tentacles (Shoals:5)
  105 tentacle segments (Shoals:5)
140 creatures vanquished.

Grand Total: 1669 creatures vanquished

Notes
Turn   | Place    | Note
--------------------------------------------------------------
     0 | D:1      | M4edhros, the Octopode Artificer, began the quest for the Orb.
     0 | D:1      | Reached XP level 1. HP: 14/14 MP: 1/1
    84 | D:1      | Reached XP level 2. HP: 13/19 MP: 3/3
   545 | D:1      | Reached skill level 4 in Stealth
   552 | D:1      | Reached XP level 3. HP: 20/24 MP: 4/4
   896 | D:2      | Reached skill level 5 in Stealth
  1013 | D:2      | Reached XP level 4. HP: 24/29 MP: 6/6
  1179 | D:2      | Found a deep blue altar of Sif Muna.
  1338 | D:2      | Found a shattered altar of Ashenzari.
  1371 | D:3      | Reached skill level 6 in Stealth
  1434 | D:3      | Found a burning altar of Makhleb.
  1842 | D:3      | Reached XP level 5. HP: 30/34 MP: 5/7
  1860 | D:3      | Reached skill level 7 in Stealth
  2162 | D:3      | Found a glowing silver altar of Zin.
  2967 | D:4      | Reached skill level 8 in Stealth
  3014 | D:4      | Found a staircase to the Ecumenical Temple.
  3036 | Temple   | Entered the Ecumenical Temple
  3296 | D:4      | Reached XP level 6. HP: 39/39 MP: 9/9
  3758 | D:4      | Reached skill level 9 in Stealth
  3793 | D:4      | Found Raimaime's Serpentskin Sales.
  4183 | D:5      | Entered Level 5 of the Dungeon
  4190 | D:5      | Reached skill level 10 in Stealth
  4218 | D:5      | Noticed Ijyb
  4220 | D:5      | Reached XP level 7. HP: 31/44 MP: 10/10
  4228 | D:5      | Killed Ijyb
  4384 | D:5      | Noticed Dowan
  4386 | D:5      | Noticed Duvessa
  4399 | D:5      | Killed Dowan
  4418 | D:5      | Noticed Duvessa
  4418 | D:5      | Duvessa changed into Duvessa the hound
  4423 | D:5      | Killed Duvessa the hound
  4655 | D:5      | Learned a level 2 spell: Stoneskin
  4659 | D:5      | Learned a level 3 spell: Stone Arrow
  4790 | D:6      | Reached skill level 1 in Conjurations
  4857 | D:6      | Found Alumm's Jewellery Boutique.
  4860 | D:6      | Noticed Menkaure
  4871 | D:6      | Killed Menkaure
  4871 | D:6      | Reached skill level 1 in Earth Magic
  4878 | D:6      | Bought the ring of Virat {Hunger Str-3 Dex+3 Dam+5} for 210 gold pieces
  5407 | D:6      | Noticed Eustachio
  5419 | D:6      | Found a sparkling altar of Nemelex Xobeh.
  5448 | D:6      | Reached skill level 11 in Stealth
  5448 | D:6      | Reached XP level 8. HP: 50/50 MP: 12/12
  5616 | D:7      | Reached skill level 1 in Spellcasting
  5651 | D:7      | Reached skill level 1 in Polearms
  6297 | D:7      | Reached XP level 9. HP: 22/54 MP: 10/13
  6610 | D:7      | Reached skill level 12 in Stealth
  7469 | D:7      | Found a snail-covered altar of Cheibriados.
  7480 | D:8      | Reached skill level 5 in Conjurations
  7595 | D:8      | Noticed a draconian
  7603 | D:8      | Killed a draconian
  7603 | D:8      | Reached skill level 5 in Earth Magic
  7996 | D:8      | Reached skill level 5 in Polearms
  7996 | D:8      | Reached XP level 10. HP: 21/60 MP: 10/17
  8318 | D:8      | Reached skill level 13 in Stealth
  8451 | D:8      | Noticed a seven-headed hydra
  8992 | D:8      | Gained mutation: Your digestive system is specialised to digest meat. [mutagenic meat]
  8993 | D:8      | Gained mutation: You can spit poison. [mutagenic meat]
  9335 | D:9      | Found a glowing golden altar of the Shining One.
  9526 | D:9      | Found a staircase to the Lair.
 10222 | D:9      | Reached skill level 1 in Transmutations
 10663 | D:9      | Gained mutation: You are dopey. (Int -2) [potion of mutation]
 10663 | D:9      | Gained mutation: You cover ground slowly. [potion of mutation]
 10663 | D:9      | Lost mutation: You are dopey. (Int -2) [potion of mutation]
 10712 | D:7      | Became a worshipper of Cheibriados the Contemplative
 11160 | D:6      | Killed Eustachio
 11315 | D:6      | Found a staircase to the Orcish Mines.
 11435 | D:6      | Found a white marble altar of Elyvilon.
 11583 | D:7      | Acquired Cheibriados' first power
 11813 | D:8      | Reached XP level 11. HP: 56/67 MP: 20/20
 11937 | D:8      | Lost mutation: Your digestive system is specialised to digest meat. [potion of cure mutation]
 11937 | D:8      | Lost mutation: You cover ground slowly. [potion of cure mutation]
 12698 | Lair:1   | Entered Level 1 of the Lair of Beasts
 12818 | Lair:1   | Learned a level 3 spell: Regeneration
 12821 | Lair:1   | Learned a level 2 spell: Shroud of Golubria
 13755 | Lair:1   | Reached skill level 1 in Invocations
 13982 | Lair:2   | Acquired Cheibriados' second power
 14691 | Lair:3   | Acquired Cheibriados' third power
 14881 | Lair:3   | Found a hole to the Spider Nest.
 15767 | Lair:3   | Reached skill level 5 in Fighting
 15827 | Lair:3   | Acquired Cheibriados' fourth power
 16195 | Lair:3   | Reached XP level 12. HP: 67/75 MP: 22/22
 16204 | Lair:3   | Learned a level 5 spell: Lee's Rapid Deconstruction
 16385 | Lair:4   | Noticed Maud
 17106 | Lair:4   | Reached skill level 5 in Transmutations
 17119 | Lair:4   | Identified a +1 rod of striking (6/6) (You found it on level 4 of the Lair of Beasts)
 17246 | Lair:4   | Reached skill level 5 in Invocations
 17295 | Lair:4   | Reached skill level 1 in Maces & Flails
 17345 | Lair:4   | Reached skill level 5 in Spellcasting
 18227 | Lair:5   | Noticed an eight-headed hydra
 18344 | Lair:5   | Killed an eight-headed hydra
 19105 | Lair:6   | Identified a scroll of acquirement
 19106 | Lair:6   | Got a slimy buckler
 19111 | Lair:6   | Identified the -3 buckler of Satisfaction {rElec rF+ Int+2 Acc+4 Dam+5} (You acquired it on level 6 of the Lair of Beasts)
 19280 | Lair:6   | Noticed an eight-headed hydra
 19294 | Lair:6   | Killed an eight-headed hydra
 19294 | Lair:6   | Reached XP level 13. HP: 48/81 MP: 6/25
 19505 | Lair:6   | Reached skill level 1 in Shields
 19556 | Lair:6   | Found a staircase to the Shoals.
 19761 | Lair:6   | Noticed a four-headed hydra
 19766 | Lair:6   | Killed a four-headed hydra
 20045 | Lair:6   | Reached skill level 5 in Maces & Flails
 20288 | Lair:7   | Reached skill level 5 in Evocations
 22176 | Lair:7   | Reached skill level 5 in Shields
 22213 | Lair:8   | Entered Level 8 of the Lair of Beasts
 22315 | Lair:8   | Found a staircase to the Slime Pits.
 22724 | Lair:8   | Reached XP level 14. HP: 74/86 MP: 23/27
 22769 | Lair:8   | Paralysed by a potion of paralysis for 4 turns
 24516 | Lair:7   | Reached skill level 10 in Earth Magic
 25492 | Orc:1    | Entered Level 1 of the Orcish Mines
 25708 | Orc:1    | Found a roughly hewn altar of Beogh.
 25914 | Orc:2    | Found Pezaepla's Book Boutique.
 25920 | Orc:2    | Bought a book of Hinderance for 260 gold pieces
 25926 | Orc:2    | Learned a level 4 spell: Leda's Liquefaction
 26033 | Orc:2    | Found Strugic's Magic Scroll Shoppe.
 26449 | Orc:3    | Found a staircase to the Elven Halls.
 26517 | Orc:2    | Noticed Harold
 26690 | Orc:2    | Found Brakh's Gadget Boutique.
 26690 | Orc:2    | Noticed Joseph
 26702 | Orc:2    | Killed Joseph
 26712 | Orc:2    | Found Reacresose's Food Boutique.
 26904 | Orc:2    | Noticed Erolcha
 26911 | Orc:2    | Killed Erolcha
 26918 | Orc:2    | Found Xanib's Antique Weapon Shop.
 27140 | Orc:2    | Killed Harold
 27410 | Orc:4    | Entered Level 4 of the Orcish Mines
 27486 | Orc:4    | Found Gutz's Assorted Antiques.
 27496 | Orc:4    | Bought a scroll of recharging for 143 gold pieces
 27514 | Orc:4    | Found a roughly hewn altar of Beogh.
 27515 | Orc:4    | Noticed Nergalle
 27539 | Orc:4    | Killed Nergalle
 27548 | Orc:4    | Noticed Fannar
 27778 | Orc:4    | Killed Fannar
 28540 | Orc:4    | Noticed an orc warlord
 28553 | Orc:4    | Killed an orc warlord
 28553 | Orc:4    | Reached skill level 10 in Evocations
 28737 | Orc:4    | Reached XP level 15. HP: 91/91 MP: 18/28
 29358 | Orc:4    | Found Ruasafar's Antique Armour Shop.
 29377 | Orc:4    | Found Hepycey's Antique Weapon Shop.
 29378 | Orc:4    | Found Unga's General Store.
 29378 | Orc:4    | Found Muogat's Jewellery Boutique.
 29383 | Orc:4    | Bought an uncursed ring of regeneration for 300 gold pieces
 29942 | D:10     | Entered Level 10 of the Dungeon
 29996 | D:10     | Noticed Yumemi's ghost (powerful HOFi)
 30156 | Orc:2    | Bought a book of Clouds for 585 gold pieces
 30164 | Orc:2    | Learned a level 6 spell: Freezing Cloud
 30394 | D:10     | Paralysed by a crimson imp for 7 turns
 30942 | D:10     | Found Crasac's Magical Wand Shop.
 30997 | D:10     | Noticed Grum
 31009 | D:10     | Noticed Erica
 31181 | D:10     | Learned a level 2 spell: Repel Missiles
 31430 | D:10     | Killed Erica
 31485 | D:10     | Killed Yumemi's ghost
 31542 | D:11     | Noticed Psyche
 31553 | D:11     | Killed Psyche
 31561 | D:11     | Found a labyrinth entrance.
 31574 | Lab      | Entered a labyrinth
 33038 | Lab      | Reached skill level 1 in Ice Magic
 33201 | D:11     | Found a staircase to the Orcish Mines.
 33209 | D:11     | the staircase to the Orcish Mines was a mimic.
 33498 | D:11     | Noticed Nessos
 33503 | D:11     | Killed Nessos
 33503 | D:11     | Reached skill level 1 in Air Magic
 33562 | D:11     | Noticed Gastronok
 33571 | D:11     | Killed Gastronok
 34351 | D:12     | Reached skill level 10 in Maces & Flails
 34573 | D:12     | HP: 4/91 [centaur (7)]
 34581 | D:12     | HP: 3/91 [centaur/arrow (14)]
 34752 | D:12     | Noticed Urug
 34757 | D:12     | Killed Urug
 35399 | D:12     | Found a glowing golden altar of the Shining One.
 35404 | D:12     | Noticed a storm dragon
 35509 | D:12     | Found a radiant altar of Vehumet.
 35537 | D:12     | Killed a storm dragon
 35726 | D:13     | Gained mutation: You are somewhat resistant to further mutation. [mutagenic meat]
 35727 | D:13     | Gained mutation: You are resistant to hostile enchantments. [mutagenic meat]
 36236 | D:14     | Entered Level 14 of the Dungeon
 36772 | D:14     | Reached XP level 16. HP: 98/98 MP: 19/31
 37275 | D:15     | Entered Level 15 of the Dungeon
 37299 | D:15     | Noticed Roxanne
 37304 | D:15     | Killed Roxanne
 37352 | D:15     | Identified Roxanne's Grimoire of Earth and Transmigration (You took it off Roxanne on level 15 of the Dungeon)
 37360 | D:15     | Learned a level 6 spell: Statue Form
 37692 | D:15     | Reached skill level 10 in Spellcasting
 38578 | D:16     | Learned a level 3 spell: Mephitic Cloud
 38751 | D:16     | Reached skill level 1 in Poison Magic
 40713 | D:18     | Reached skill level 5 in Poison Magic
 41119 | D:19     | Reached skill level 5 in Ice Magic
 41392 | D:19     | Noticed Mara
 41393 | D:19     | Noticed M4edhros' illusion
 41529 | D:20     | Entered Level 20 of the Dungeon
 41588 | D:20     | Noticed Mennas
 41591 | D:20     | Noticed Margery
 41708 | D:20     | Reached XP level 17. HP: 94/107 MP: 22/34
 41786 | D:18     | Upgraded the game from 0.13.0-18-g7b03ea5 to 0.13.0-19-g8e0b589
 42403 | Shoals:1 | Entered Level 1 of the Shoals
 43189 | Shoals:5 | Entered Level 5 of the Shoals
 43775 | Shoals:5 | Noticed Ilsuiw
 43797 | Shoals:5 | Killed Ilsuiw
 44082 | Shoals:5 | Reached skill level 5 in Air Magic
 44562 | Shoals:5 | Got a barnacled rune of Zot
 44650 | Shoals:5 | Mangled by a snapping turtle

Action                   |  1- 3 |  4- 6 |  7- 9 | 10-12 | 13-15 | 16-18 || total
-------------------------+-------+-------+-------+-------+-------+-------++-------
Melee: Short sword       |    73 |   158 |       |       |       |       ||   231
       Mace              |       |    45 |     9 |       |       |       ||    54
       Dagger            |       |       |    54 |       |       |       ||    54
       Trident           |       |       |   177 |   926 |    18 |    28 ||  1149
       Unarmed           |       |       |       |    76 |       |       ||    76
       Rod               |       |       |       |       |   974 |   507 ||  1481
       Spear             |       |       |       |       |    55 |       ||    55
Throw: Dart              |       |       |     2 |       |       |       ||     2
 Cast: Stone Arrow       |       |       |    12 |    33 |   190 |    27 ||   262
       Regeneration      |       |       |       |    52 |    93 |    42 ||   187
       Shroud of Golubri |       |       |       |    12 |    13 |     3 ||    28
       Lee's Rapid Decon |       |       |       |       |   140 |    63 ||   203
       Stoneskin         |       |       |       |       |    18 |    21 ||    39
       Repel Missiles    |       |       |       |       |     7 |    21 ||    28
       Leda's Liquefacti |       |       |       |       |     2 |     1 ||     3
       Statue Form       |       |       |       |       |       |    35 ||    35
       Mephitic Cloud    |       |       |       |       |       |    11 ||    11
       Freezing Cloud    |       |       |       |       |       |     2 ||     2
Invok: Bend Time         |       |       |       |     1 |     1 |       ||     2
       Temporal Distorti |       |       |       |     1 |       |       ||     1
Evoke: Wand              |     4 |    12 |    26 |    33 |    29 |    11 ||   115
       Miscellaneous     |       |       |       |       |       |     1 ||     1
  Use: Scroll            |     3 |    11 |     6 |    18 |    30 |     8 ||    76
       Potion            |       |     9 |     1 |    15 |     9 |     3 ||    37
 Stab: Sleeping          |     6 |    16 |    28 |    72 |    43 |    27 ||   192
       Distracted        |       |       |     2 |    13 |    26 |    10 ||    51
       Confused          |       |       |       |       |       |     9 ||     9
       Invisible         |       |       |       |       |       |     9 ||     9
